Match 37790657
Unlisted
Match 37790657
End
Engineer Squad
Construct Barracks
Selects Armored Battlegroup
Selects Assault Engineers
Assault Engineer Squad
Riflemen Squad
1⁄4-ton 4x4 Truck
.30 cal Machine Gun
.30 cal Machine Gun
Air Support Center
Assault Engineer Squad
P-47 Strafing Run
Construct Motor Pool
Grasshopper Recon Run
P-47 Dive Bomb
Air Supply
Selects M31 Recovery Vehicle
Air Supremacy
P-47 Strafing Run
P-47 Dive Bomb
Grasshopper Recon Run
Double Sortie
P-47 Dive Bomb
P-47 Strafing Run
.30 cal Machine Gun
Selects War Machine
Grasshopper Recon Run
M24 Chaffee Light Tank
Selects Fast Deploy
P-47 Dive Bomb
M1 Anti-tank Gun Team
P-47 Strafing Run
Grasshopper Recon Run
M24 Chaffee Light Tank
P-47 Dive Bomb
P-47 Strafing Run
M31 Recovery Vehicle
Grasshopper Recon Run
P-47 Dive Bomb
M8 Greyhound Armored Car
P-47 Strafing Run
P-47 Dive Bomb
M24 Chaffee Light Tank
Grasshopper Recon Run
P-47 Dive Bomb
P-47 Strafing Run
P-47 Dive Bomb
P-47 Strafing Run
Grasshopper Recon Run
Assault Engineer Squad
Assault Engineer Squad
Selects M8 Scott SPG
P-47 Dive Bomb
Grasshopper Recon Run
P-47 Strafing Run
Construct Tank Depot
P-47 Dive Bomb
Grasshopper Recon Run
.30 cal Machine Gun
P-47 Strafing Run
M18 Hellcat Tank Destroyer
.30 cal Machine Gun
M1 Anti-tank Gun Team
Assault Engineer Squad
P-47 Strafing Run
Grasshopper Recon Run
P-47 Dive Bomb
M18 Hellcat Tank Destroyer
P-47 Strafing Run
Grasshopper Recon Run
M31 Recovery Vehicle
Selects M4A3E8 Sherman Combat Group
Grasshopper Recon Run
P-47 Strafing Run
P-47 Dive Bomb
M18 Hellcat Tank Destroyer
Grasshopper Recon Run
P-47 Strafing Run
Construct Weapon Support Center
Riflemen Squad
M1 Mortar Team
1⁄4-ton 4x4 Truck
Grasshopper Recon Run
P-47 Strafing Run
P-47 Dive Bomb
M3 Armored Personnel Carrier
Grasshopper Recon Run
P-47 Strafing Run
Assault Engineer Squad
Grasshopper Recon Run
Grasshopper Recon Run
P-47 Strafing Run
P-47 Dive Bomb
P-47 Strafing Run
M4(105) Sherman Bulldozer
Grasshopper Recon Run
P-47 Strafing Run
Assault Engineer Squad
Grasshopper Recon Run
P-47 Strafing Run
M8 Scott SPG
DIABLOHOOD
ShashiiDaSlime
Grundleman
Colby
UH|dun! ツ
UH|ck
insane
iceman
0
0
Comments sign in to comment!
No comments posted yet!